 Dungeon Crawl Stone Soup version 0.25.0-10-g039870ee82 (webtiles) character file.

Game seed: 2050307301886249759

108156 Delamore the Executioner (level 16, -20/149 HPs)
             Began as a Hill Orc Monk on June 22, 2020.
             Was the Champion of Okawaru.
             Killed from afar by Nikola (27 damage)
             ... with a chain lightning
             ... on level 1 of the Spider Nest.
             The game lasted 00:43:12 (29635 turns).

Delamore the Executioner (Hill Orc Monk)           Turns: 29635, Time: 00:43:12

Health: -20/149    AC: 35    Str: 28    XL:     16   Next: 48%
Magic:  23/23      EV: 10    Int: 14    God:    Okawaru [******]
Gold:   1696       SH:  0    Dex: 11    Spells: 15/15 levels left

rFire    + + .     SeeInvis +   E - +8 executioner's axe "Alugem" {vorpal, +Rage +Inv Int+3 Dex-2}
rCold    + + .     Gourm    .   (shield currently unavailable)
rNeg     . . .     Faith    +   w - +8 gold dragon scales "Roqoykk" {rPois rF+ rC+ Stlth+}
rPois    +         Spirit   .   s - +1 helmet {SInv}
rElec    .         Reflect  .   q - +0 cloak of the Skies Above {rC+ Str+7 Int+4 Slay-2 SInv}
rCorr    .         Harm     .   a - +3 pair of gauntlets of War {Slay+5}
MR       +....                  f - +1 pair of boots of Instinct {Regen+ Int-3 Slay+5}
Stlth    ..........             P - amulet of faith
HPRegen  0.74/turn              m - ring of protection from fire
MPRegen  0.18/turn              W - +4 ring of evasion

@: no status effects
A: no striking features
a: Heroism, Finesse, Renounce Religion, Evoke Berserk Rage, Evoke Invisibility


You were on level 1 of the Spider Nest.
You worshipped Okawaru.
Okawaru was exalted by your worship.
You were very hungry.

You visited 5 branches of the dungeon, and saw 25 of its levels.
You also visited: Volcano.

You collected 3034 gold pieces.
You spent 1338 gold pieces at shops.

Inventory:

Hand Weapons
 p - a +1 executioner's axe of freezing
 E - the +8 executioner's axe "Alugem" (weapon) {vorpal, +Rage +Inv Int+3 Dex-2}
   (Okawaru gifted it to you on level 6 of the Lair of Beasts)

   It inflicts extra damage upon your enemies.
   It affects your intelligence (+3).
   It affects your dexterity (-2).
   It lets you turn invisible.
   It lets you go berserk.
 R - a +1 battleaxe of flaming
Missiles
 L - 2 curare-tipped darts (quivered)
 O - 8 silver boomerangs
Armour
 a - the +3 pair of gauntlets of War (worn) {Slay+5}
   (You bought it in a shop on level 2 of the Orcish Mines)

   It affects your accuracy and damage with ranged weapons and melee attacks
   (+5).
 f - the +1 pair of boots of Instinct (worn) {Regen+ Int-3 Slay+5}
   (You acquired it on level 5 of the Lair of Beasts)

   It affects your intelligence (-3).
   It affects your accuracy and damage with ranged weapons and melee attacks
   (+5).
   It increases your rate of regeneration.
 q - the +0 cloak of the Skies Above (worn) {rC+ Str+7 Int+4 Slay-2 SInv}
   (Okawaru gifted it to you on level 2 of the Orcish Mines)

   It affects your strength (+7).
   It affects your intelligence (+4).
   It affects your accuracy and damage with ranged weapons and melee attacks
   (-2).
   It protects you from cold.
   It lets you see invisible.
 s - a +1 helmet of see invisible (worn)
 w - the +8 gold dragon scales "Roqoykk" (worn) {rPois rF+ rC+ Stlth+}
   (You found it on level 5 of the Lair of Beasts)

   It protects you from fire.
   It protects you from cold.
   It protects you from poison.
   It makes you more stealthy.
 Z - a +1 cloak of poison resistance
Jewellery
 m - a ring of protection from fire (left hand)
 o - an uncursed ring of resist corrosion
 B - an uncursed amulet of reflection
 M - an uncursed amulet of regeneration
 P - an amulet of faith (around neck)
 W - a +4 ring of evasion (right hand)
Wands
 b - a wand of clouds (5)
 d - a wand of flame (12)
 i - a wand of random effects (46)
 A - a wand of paralysis (26)
 C - a wand of iceblast (6)
 D - a wand of enslavement (9)
 J - a wand of disintegration (34)
 N - a wand of acid (8)
Scrolls
 e - a scroll of holy word
 h - 4 scrolls of random uselessness {unknown}
 k - 8 scrolls of remove curse
 n - 4 scrolls of magic mapping
 r - 4 scrolls of fog {unknown}
 t - 4 scrolls of noise
 u - 13 scrolls of teleportation
 x - 2 scrolls of enchant weapon
 y - 6 scrolls of enchant armour {unknown}
 z - 3 scrolls of blinking
 K - a scroll of brand weapon {unknown}
 Q - 3 scrolls of immolation
 X - 2 scrolls of fear
Potions
 g - 7 potions of haste
 j - a potion of ambrosia {unknown}
 l - a potion of stabbing
 v - 2 potions of curing
 F - 2 potions of resistance
 H - 3 potions of mutation
 S - 3 potions of flight
 T - a potion of brilliance
 U - 2 potions of might
Comestibles
 c - 41 rations


   Skills:
 + Level 15.5 Fighting
 - Level 26.6 Axes
 + Level 8.3 Armour
 - Level 2.4 Dodging
 - Level 1.5 Stealth
 + Level 9.9 Invocations


You had 15 spell levels left.
You didn't know any spells.
Your spell library contained the following spells:

 Spells                   Type           Power        Failure   Level  Hunger
 Foxfire                  Conj/Fire      #...         100%        1    ##.....
 Freeze                   Ice            #...         100%        1    ##.....
 Infusion                 Chrm           #...         100%        1    ##.....
 Magic Dart               Conj           #...         100%        1    ##.....
 Sandblast                Erth           #.....       100%        1    ##.....
 Blink                    Tloc           N/A          100%        2    ###....
 Call Imp                 Summ           #.......     100%        2    ###....
 Passwall                 Tmut/Erth      #.......     100%        2    ###....
 Poisonous Vapours        Pois/Air       #.....       100%        2    ###....
 Shroud of Golubria       Chrm/Tloc      #.....       100%        2    ###....
 Slow                     Hex            #.......     100%        2    ###....
 Song of Slaying          Chrm           #.......     100%        2    ###....
 Conjure Flame            Conj/Fire      #.......     100%        3    ####...
 Frozen Ramparts          Ice            #.....       100%        3    ####...
 Inner Flame              Hex/Fire       #.......     100%        3    ####...
 Mephitic Cloud           Conj/Pois/Air  #.......     100%        3    ####...
 Ozocubu's Armour         Chrm/Ice       #.......     100%        3    ####...
 Spectral Weapon          Hex/Chrm       #.......     100%        3    ####...
 Static Discharge         Conj/Air       #.......     100%        3    ####...
 Stone Arrow              Conj/Erth      #.....       100%        3    ####...
 Hailstorm                Conj/Ice       #.......     100%        4    #####..
 Petrify                  Tmut/Erth      #.......     100%        4    #####..
 Sticky Flame             Conj/Fire      #.......     100%        4    #####..
 Summon Ice Beast         Ice/Summ       #.......     100%        4    #####..
 Bolt of Magma            Conj/Fire/Erth #.........   100%        5    ######.
 Fireball                 Conj/Fire      #.........   100%        5    ######.
 Irradiate                Conj/Tmut      #.........   100%        5    ######.
 Iskenderun's Battlesphe  Conj/Chrm      #.......     100%        5    ######.
 Lee's Rapid Deconstruct  Erth           #.........   100%        5    ######.
 Lightning Bolt           Conj/Air       #.........   100%        5    ######.
 Freezing Cloud           Conj/Ice/Air   #.........   100%        6    #######
 Hydra Form               Tmut           #.........   100%        6    #######
 Iron Shot                Conj/Erth      #.........   100%        6    #######
 Statue Form              Tmut/Erth      #........    100%        6    #######
 Dragon Form              Tmut           #.........   100%        7    #######
 Orb of Destruction       Conj           #.........   100%        7    #######
 Ring of Flames           Chrm/Fire      #.........   100%        7    #######
 Spellforged Servitor     Conj/Summ      #.........   100%        7    #######
 Ignition                 Fire           #.........   100%        8    #######
 Shatter                  Erth           #.........   100%        9    #######
 Tornado                  Air            #.........   100%        9    #######


Dungeon Overview and Level Annotations

Branches:
Dungeon (15/15)            Temple (0/1) D:6            Lair (6/6) D:11
 Shoals (0/4) Lair:3       Spider (1/4) Lair:4        Slime (0/5) Lair:5
    Orc (2/2) D:10            Elf (0/3) Orc:2        Vaults (0/5) D:13
 Depths (1/5) D:15        Volcano (visited)

Altars:
Ashenzari
Cheibriados
Dithmenos
Fedhas
Hepliaklqana
Nemelex Xobeh
Okawaru
Qazlal
Ru
Trog
Uskayaw
Wu Jian
Xom
Zin
The Shining One
Beogh
Jiyva

Shops:
D:6 *!   D:8 (   D:12 [   D:15 }   Orc:2 =(:[

Annotations:
Spider:1 Nikola


Message History

* * * LOW HITPOINT WARNING * * *
Press: ? - help, v - describe, . - travel
Here: Nikola, wielding a +4 rapier of electrocution, wearing a +1 cloak and wearing a +0 pair of gloves (heavily wounded)
The floor.
Evoke which item? (* to show all) (? for menu, Esc to quit)
Okay, then.
Quiver which item? (- for none, * to show all) (? for menu, Esc to quit)
Okay, then.
Evoke which item? (* to show all) (? for menu, Esc to quit)
Aiming: Enslavement
Press: ? - help, Shift-Dir - straight line, f/p - Nikola
Aim: Nikola, wielding a +4 rapier of electrocution, wearing a +1 cloak and wearing a +0 pair of gloves (heavily wounded, chance to defeat MR: 0%)
Okay, then.
Quiver which item? (- for none, * to show all) (? for menu, Esc to quit)
Okay, then.
You feel better.
Nikola mumbles some strange words.
You hear a mighty clap of thunder!
The lightning arc hits you!!
You die...

##.....#
##.(....######
#........(...
##......./..###
#.............#
#..........#
#....@....#
###...@†...#
.....(.....##
######.....#
##..<## #.##.#
#.# ##. ## ##


You could see Nikola.

Vanquished Creatures
  Jorgrun (D:12)
  The ghost of brae the Bludgeoner, an adept HuBe of Trog (D:15)
  A minotaur (D:15)
  An ettin (Depths:1)
  2 fire dragons
  A great orb of eyes (Depths:1)
  6 hydras
  A vault guard (D:13)
  An ice dragon (Depths:1)
  4 centaur warriors
  Erica (D:8)
  3 ogre magi
  17 two-headed ogres
  3 tengu warriors
  3 death yaks (Lair:2)
  A deep troll shaman (Depths:1)
  A vampire mage (Depths:1)
  A hell hog (Volcano)
  Urug (D:12)
  2 iron trolls (Depths:1)
  2 glowing orange brains
  4 skeletal warriors (D:14)
  An orc knight (Orc:2)
  5 deep trolls
  A lindwurm (Lair:6)
  An orc sorcerer (Orc:1)
  4 oklob plants (Lair:5)
  2 deep elf magi (D:15)
  16 ugly things
  11 cyclopes
  2 manticores
  The ghost of kelmiir the Shield-Bearer, a novice GrFi of Okawaru (D:7)
  A merfolk siren (Lair:3)
  8 elephants (Lair:4)
  6 black mambas
  Joseph (D:7)
  A water nymph (shapeshifter) (D:15)
  3 molten gargoyles
  Psyche (D:9)
  6 torpor snails
  A gargoyle (D:15)
  9 spiny frogs
  10 komodo dragons
  6 kobold demonologists
  A harpy zombie (D:15)
  A queen bee (shapeshifter) (D:15)
  A jumping spider (Spider:1)
  12 trolls
  2 hornets
  8 blink frogs
  3 polar bears
  A harpy skeleton (D:14)
  2 slime creatures (D:15)
  12 hippogriffs
  A shadow (D:15)
  A wraith (D:10)
  A spriggan (shapeshifter) (D:15)
  41 yaks
  4 basilisks
  5 fire bats (Volcano)
  2 vampires
  A human (D:12)
  2 wyverns
  3 vampire mosquitoes (D:13)
  6 steam dragons
  2 wargs
  3 hungry ghosts
  A soldier ant (D:13)
  A warg (shapeshifter) (D:15)
  2 acid dragons (D:14)
  5 porcupines
  11 water moccasins
  5 hell hounds
  26 orc warriors
  A sky beast (D:15)
  4 black bears
  5 ice beasts
  A hornet zombie (D:9)
  An eye of draining (D:15)
  24 ogres
  3 centaurs
  2 phantoms
  6 wolves (Lair:6)
  12 crocodiles
  15 bullfrogs
  7 big kobolds
  A wyvern zombie (D:8)
  5 scorpions
  2 wyvern skeletons
  12 killer bees
  5 wights (D:6)
  4 vampire bats (Lair:4)
  2 howler monkeys
  3 electric eels
  9 crimson imps
  10 lava snakes
  4 centaur zombies
  A quasit (D:8)
  A bullfrog zombie (D:11)
  16 orc priests
  A jelly (D:7)
  22 orc wizards
  A bullfrog skeleton (D:9)
  7 hounds
  3 centaur skeletons
  6 iguanas
  15 worker ants
  2 hound zombies
  5 gnolls
  8 adders
  3 shadow imps
  2 oozes
  3 adder zombies
  An adder skeleton (D:6)
  2 worms
  A dart slug (D:2)
  4 leopard geckos
  90 orcs
  2 ball pythons
  4 giant cockroaches
  6 goblins
  9 hobgoblins
  17 jackals
  19 kobolds
  7 quokkas
  11 bats
  5 frilled lizards
  A quokka zombie (D:8)
  8 rats
  A bush (Lair:4)
  6 fungi
  4 plants
753 creatures vanquished.

Vanquished Creatures (others)
  A bullfrog (D:7)
  An orc (Orc:1)
  A fungus (Lair:4)
  2 plants
5 creatures vanquished.

Grand Total: 758 creatures vanquished

Notes
Turn   | Place    | Note
-------+----------+-------------------------------------------
     0 | D:1      | Delamore the Hill Orc Monk began the quest for the Orb.
     0 | D:1      | Reached XP level 1. HP: 19/19 MP: 1/1
   243 | D:1      | Reached XP level 2. HP: 22/26 MP: 2/2
   544 | D:1      | Reached skill level 5 in Axes
   725 | D:1      | Reached XP level 3. HP: 17/31 MP: 3/3
  1202 | D:2      | Reached skill level 6 in Axes
  1244 | D:2      | Found a shadowy altar of Dithmenos.
  1264 | D:2      | Reached XP level 4. HP: 39/39 MP: 4/4
  1552 | D:2      | Reached skill level 7 in Axes
  1833 | D:3      | Reached XP level 5. HP: 31/46 MP: 5/5
  2753 | D:4      | Found an ornate altar of the Wu Jian Council.
  2753 | D:4      | Found a hazy altar of Hepliaklqana.
  2754 | D:4      | Found an iron altar of Okawaru.
  2835 | D:4      | Found a blossoming altar of Fedhas.
  2883 | D:4      | Became a worshipper of Warmaster Okawaru
  2883 | D:4      | Reached * piety under Okawaru
  2883 | D:4      | Reached ** piety under Okawaru
  3029 | D:4      | Reached XP level 6. HP: 53/53 MP: 6/6
  3044 | D:4      | Reached skill level 8 in Axes
  3102 | D:4      | Reached skill level 5 in Fighting
  3245 | D:4      | Noticed an ice beast
  3253 | D:4      | Killed an ice beast
  3262 | D:4      | Reached skill level 9 in Axes
  3262 | D:4      | Reached XP level 7. HP: 51/63 MP: 7/7
  3437 | D:5      | Entered Level 5 of the Dungeon
  3511 | D:5      | Reached *** piety under Okawaru
  3610 | D:5      | Found a stormy altar of Qazlal.
  3719 | D:5      | Found a bloodstained altar of Trog.
  3964 | D:5      | Found a glowing golden altar of the Shining One.
  4042 | D:6      | Received a gift from Okawaru
  4143 | D:6      | Found a shattered altar of Ashenzari.
  4158 | D:6      | Reached skill level 10 in Axes
  4158 | D:6      | Reached XP level 8. HP: 67/73 MP: 8/8
  4338 | D:6      | Found Zeschepho's Distillery.
  4430 | D:6      | Found a staircase to the Ecumenical Temple.
  4548 | D:6      | Found Kazuutau's Assorted Antiques.
  4559 | D:6      | Reached **** piety under Okawaru
  4573 | D:6      | Bought a scroll of identify for 34 gold pieces
  4573 | D:6      | Bought a scroll of identify for 34 gold pieces
  4574 | D:6      | Bought 2 scrolls labeled VYDWOA RIFOEFA for 34 gold pieces
  4574 | D:6      | Bought a scroll of identify for 34 gold pieces
  4574 | D:6      | Bought a red potion for 15 gold pieces
  4581 | D:6      | Reached skill level 11 in Axes
  4689 | D:6      | You fall into a shaft and drop 2 floors!
  4753 | D:7      | Found a sacrificial altar of Ru.
  4768 | D:7      | Reached XP level 9. HP: 83/83 MP: 9/9
  4938 | D:7      | Found a glowing silver altar of Zin.
  4939 | D:7      | Noticed an angel
  4941 | D:7      | Reached skill level 12 in Axes
  5098 | D:6      | Reached skill level 10 in Fighting
  5225 | D:7      | Found a runed translucent gate.
  5225 | D:7      | Found a runed translucent gate.
  5225 | D:7      | Found a runed translucent gate.
  5238 | D:7      | Found a shattered altar of Ashenzari.
  5365 | D:7      | Found a shimmering altar of Xom.
  5401 | D:7      | Reached ***** piety under Okawaru
  5407 | D:7      | Received a gift from Okawaru
  5441 | D:7      | Noticed Joseph
  5453 | D:7      | Killed Joseph
  5583 | D:7      | Noticed a two-headed ogre
  5592 | D:7      | Killed a two-headed ogre
  5592 | D:7      | Reached skill level 13 in Axes
  5592 | D:7      | Reached XP level 10. HP: 84/96 MP: 10/10
  5759 | D:7      | Noticed kelmiir's ghost (novice GrFi)
  5830 | D:7      | Found a roughly hewn altar of Beogh.
  6416 | D:8      | Found Faorchar's Weapon Shoppe.
  6884 | D:9      | Noticed Erica
  6885 | D:9      | Reached skill level 14 in Axes
  6899 | D:8      | Killed Erica
  7069 | D:9      | Found a sparkling altar of Nemelex Xobeh.
  7079 | D:9      | Found a bloodstained altar of Trog.
  7378 | D:9      | Noticed Psyche
  7391 | D:9      | Killed Psyche
  7535 | D:9      | Reached skill level 15 in Axes
  7571 | D:9      | Got a brightly glowing leather armour
  7582 | D:9      | Identified the +1 leather armour of the Monkey's Uncle
                  | {rN+} (You found it on level 9 of the Dungeon)
  7732 | D:10     | Entered Level 10 of the Dungeon
  7861 | D:10     | Reached ****** piety under Okawaru
  8061 | D:10     | Received a gift from Okawaru
  8061 | D:10     | Reached XP level 11. HP: 101/107 MP: 11/11
  8455 | D:10     | Found a staircase to the Orcish Mines.
  8463 | D:10     | Reached skill level 16 in Axes
  8885 | Orc:1    | Entered Level 1 of the Orcish Mines
  8889 | Orc:1    | Noticed an orc sorcerer
  8898 | Orc:1    | Paralysed by an orc sorcerer for 6 turns
  8904 | Orc:1    | HP: 1/107 [smoke demon/divine providence[an orc sorcerer]
                  | (14)]
  8909 | Orc:1    | Killed an orc sorcerer
  9317 | Orc:1    | Received a gift from Okawaru
  9674 | Orc:2    | Entered Level 2 of the Orcish Mines
  9919 | Orc:2    | Reached skill level 17 in Axes
 10143 | Orc:2    | Noticed an orc knight
 10411 | Orc:2    | Killed an orc knight
 10566 | Orc:2    | Received a gift from Okawaru
 10908 | Orc:2    | Noticed a two-headed ogre
 10908 | Orc:2    | Noticed a two-headed ogre
 10909 | Orc:2    | Noticed an ogre mage
 10909 | Orc:2    | Noticed a two-headed ogre
 10936 | Orc:1    | Reached skill level 18 in Axes
 11305 | Orc:2    | Killed a two-headed ogre
 11307 | Orc:2    | Killed a two-headed ogre
 11307 | Orc:2    | Reached XP level 12. HP: 35/115 MP: 12/12
 11640 | Orc:2    | Killed an ogre mage
 11661 | Orc:2    | Killed a two-headed ogre
 11661 | Orc:2    | Received a gift from Okawaru
 11661 | Orc:2    | Reached skill level 19 in Axes
 11662 | Orc:2    | Got a shimmering ring mail {god gift}
 11669 | Orc:2    | Noticed a two-headed ogre
 11839 | Orc:1    | Identified the +1 ring mail of Temperance {+Blink rC- MR+
                  | Str+3} (Okawaru gifted it to you on level 2 of the Orcish
                  | Mines)
 11847 | Orc:2    | Killed a two-headed ogre
 11961 | Orc:2    | Noticed an ogre mage
 11974 | Orc:2    | Killed an ogre mage
 12066 | Orc:2    | Noticed a two-headed ogre
 12069 | Orc:2    | Killed a two-headed ogre
 12269 | Orc:2    | Reached skill level 20 in Axes
 12331 | Orc:2    | Noticed a two-headed ogre
 12341 | Orc:2    | Killed a two-headed ogre
 12886 | Orc:2    | Received a gift from Okawaru
 12889 | Orc:2    | Got a smoking cloak {god gift}
 12895 | Orc:2    | Identified the +0 cloak of the Skies Above {rC+ Str+7 Int+4
                  | Slay-2 SInv} (Okawaru gifted it to you on level 2 of the
                  | Orcish Mines)
 12990 | Orc:2    | Found Faavula's Book Shoppe.
 12992 | Orc:2    | Found Jylaishy's Jewellery Emporium.
 13001 | Orc:2    | Found Luvvoq's Antique Armour Shop.
 13012 | Orc:2    | Found Bupisoir's Weapon Shoppe.
 13086 | Orc:2    | Noticed a two-headed ogre
 13095 | Orc:2    | Killed a two-headed ogre
 13095 | Orc:2    | Reached skill level 21 in Axes
 13270 | Orc:2    | Found a staircase to the Elven Halls.
 13515 | Orc:2    | Noticed a two-headed ogre
 13526 | Orc:2    | Killed a two-headed ogre
 13526 | Orc:2    | Reached XP level 13. HP: 89/122 MP: 13/13
 14140 | Orc:2    | Bought the +3 pair of gauntlets of War {Slay+5} for 1187
                  | gold pieces
 14140 | Orc:2    | Found the +3 pair of gauntlets of War {Slay+5}
 14357 | D:7      | Killed kelmiir's ghost
 15061 | D:11     | Reached skill level 22 in Axes
 15176 | D:11     | Found a staircase to the Lair.
 15310 | D:11     | Received a gift from Okawaru
 15763 | D:11     | Found the +8 demon trident "Rift" {distort, reach+}
 15929 | Lair:1   | Entered Level 1 of the Lair of Beasts
 17077 | Lair:2   | Found a dark tunnel.
 17084 | Volcano  | Entered a volcano
 17120 | Volcano  | Received a gift from Okawaru
 17496 | Volcano  | Found a burning altar of Makhleb.
 17502 | Volcano  | Reached skill level 23 in Axes
 17535 | Volcano  | Noticed a fire dragon
 17542 | Volcano  | Killed a fire dragon
 18412 | Lair:2   | Got a steaming scale mail
 18423 | Lair:2   | Identified the cursed +0 scale mail "Puicamn" {rF+ Str-4
                  | Slay+2 Stlth+} (You found it on level 2 of the Lair of
                  | Beasts)
 18498 | Lair:2   | Received a gift from Okawaru
 19172 | Lair:3   | Reached skill level 24 in Axes
 19228 | Lair:3   | Reached XP level 14. HP: 126/129 MP: 14/14
 19400 | Lair:3   | Found a staircase to the Shoals.
 20201 | Lair:4   | Received a gift from Okawaru
 20973 | Lair:4   | Found a hide-covered altar of Uskayaw.
 21012 | Lair:4   | Found a hole to the Spider Nest.
 21420 | Lair:5   | Reached skill level 25 in Axes
 22021 | Lair:5   | Found a snail-covered altar of Cheibriados.
 22658 | Lair:5   | Found a viscous altar of Jiyva.
 22659 | Lair:5   | Found a staircase to the Slime Pits.
 22819 | Lair:6   | Entered Level 6 of the Lair of Beasts
 23182 | Lair:6   | Received a gift from Okawaru
 23185 | Lair:6   | Got a pitted executioner's axe {god gift}
 23186 | Lair:6   | Identified the +8 executioner's axe "Alugem" {vorpal, +Rage
                  | +Inv Int+3 Dex-2} (Okawaru gifted it to you on level 6 of
                  | the Lair of Beasts)
 23897 | Lair:6   | Found a large runed translucent door.
 24414 | Lair:6   | Reached skill level 26 in Axes
 24607 | Lair:6   | Received a gift from Okawaru
 24624 | Lair:6   | Found a large runed translucent door.
 24719 | Lair:6   | Got a warped battleaxe {god gift}
 24759 | Lair:6   | Identified the +11 battleaxe of Defence {vorpal, +Blink
                  | rPois} (Okawaru gifted it to you on level 6 of the Lair of
                  | Beasts)
 25234 | Lair:5   | Got spiked gold dragon scales
 25245 | Lair:5   | Identified the +8 gold dragon scales "Roqoykk" {rPois rF+
                  | rC+ Stlth+} (You found it on level 5 of the Lair of Beasts)
 25358 | Lair:5   | Identified 2 scrolls of acquirement
 25361 | Lair:5   | Got the +1 pair of boots of Instinct {Regen+ Int-3 Slay+5}
 25469 | D:12     | Noticed Jorgrun
 25473 | D:12     | Noticed Urug
 25487 | D:11     | Reached XP level 15. HP: 56/136 MP: 15/15
 25880 | D:12     | Found Taatitipn's Armour Emporium.
 25968 | D:12     | Killed Urug
 25968 | D:12     | Reached skill level 1 in Invocations
 26015 | D:12     | Received a gift from Okawaru
 26015 | D:12     | Reached skill level 1 in Armour
 26018 | D:12     | Got a brightly glowing battleaxe {god gift}
 26025 | D:12     | Killed Jorgrun
 26031 | D:12     | Identified the +2 battleaxe of the Original Sin {vorpal,
                  | MR+} (Okawaru gifted it to you on level 12 of the Dungeon)
 26755 | D:13     | Found a gate to the Vaults.
 27071 | D:14     | Received a gift from Okawaru
 27149 | D:14     | Reached skill level 5 in Invocations
 27737 | D:14     | Reached skill level 5 in Armour
 27935 | D:15     | Entered Level 15 of the Dungeon
 27944 | D:15     | Found Rauh Nub's Gadget Emporium.
 28278 | D:15     | Received a gift from Okawaru
 28293 | D:15     | Found a staircase to the Depths.
 28422 | D:15     | Noticed brae's ghost (adept HuBe)
 28433 | D:15     | Reached XP level 16. HP: 147/147 MP: 21/21
 28678 | D:15     | Found a runed translucent gate.
 28678 | D:15     | Found a runed translucent gate.
 28678 | D:15     | Found a runed translucent gate.
 28812 | D:15     | Reached skill level 15 in Fighting
 28992 | D:15     | Killed brae's ghost
 29111 | Depths:1 | Entered Level 1 of the Depths
 29289 | Depths:1 | Paralysed by a great orb of eyes for 4 turns
 29615 | Spider:1 | Entered Level 1 of the Spider Nest
 29615 | Spider:1 | Noticed Nikola
 29634 | Spider:1 | HP: 1/149 [Nikola/+4 rapier of electrocution (8)]
 29635 | Spider:1 | Killed from afar by Nikola

Illustrated notes

Levels and vault maps discovered:
D:1:      erik_arrival_cave_to_civilisation [erik_arrival_cave_to_hall],
          layout_basic, palyth_stone_intersect
D:2:      layout_basic, old_standard_altar
D:3:      layout_loops_ring, first_ration, bh_chokoban, serial_bayou_lagoon_a
D:4:      minmay_octagon_keep, layout_basic, nicolae_overflow_quartered_altars,
          grunt_decor_mini_mirrors
D:5:      layout_basic, lemuel_coloured_pillars_altar, grunt_qazlal_sundering,
          trog_three_pillars_becter
D:6:      layout_loops_ring, temple_green, basic_altar, serial_shops,
          shop_fountains, shop
D:7:      layout_rooms, grunt_temple_overflow_order_and_chaos_1,
          evilmike_ruin_ashenzari, nicolae_ru_awakened_eye,
          biasface_ghost_orc_armoury, uniq_joseph
D:8:      layout_gridville, serial_shops, shop
D:9:      layout_roguey, kennysheep_mini, lemuel_crystal_altar, uniq_psyche,
          uniq_erica
D:10:     layout_long_grid, orc_david_3, hangedman_decor_slide_cut
D:11:     layout_irregular_city, lair_entry_dummy
D:12:     layout_rooms, serial_shops, nicolae_shop_waterfront, grunt_pizzeria,
          uniq_urug, uniq_jorgrun
D:13:     layout_roguey, david_vaults_5
D:14:     layout_long_grid, chequers_serial_rivers_micro_c,
          hangedman_abyss_or_decor_lesser_grid
D:15:     gammafunk_enter_depths_forms, layout_gridville, serial_park_tiny_1,
          maelrawn_ghost_gauntlet_escape, serial_shops, shop
Lair:1:   layout_small_grid
Lair:2:   layout_regular_city, enter_volcano_1, serial_bayou_pond_a,
          gammafunk_lair_bear_cave
Lair:3:   layout_gridlike, minmay_shoals_entry_lonely_mermaid, minivault_26,
          chequers_serial_rivers_room_b, grunt_megastairs_5
Lair:4:   layout_roguey, nicolae_spider_entry_non_spiders, basic_altar,
          chequers_serial_rivers_micro_e, roderic_batcave, beast_lair_carwin_5
Lair:5:   layout_gridlike, dpeg_slime_entry_enclosed_altar,
          kennysheep_snail_temple, minmay_lair_oklob_chamber,
          serial_bayou_shore_a
Lair:6:   cheibrodos_lair_end_hotspot, layout_cave_pods
Spider:1: layout_chambers, nicolae_spider_circle_web, uniq_nikola
Orc:1:    layout_caves
Orc:2:    st_orc_open, layout_diamond_mine
Depths:1: layout_cross, serial_sigils_hangedman_scar, hell_entry, minivault_12,
          grunt_megastairs_2

Skill      XL: |  1  2  3  4  5  6  7  8  9 10 11 12 13 14 15 16 |
---------------+-------------------------------------------------+-----
Axes           | 5 6 7 9 10 11 13 15 18 21 24 26 | 26.6
Fighting       | 4 6 7 9 11 13 14 15 | 15.5
Invocations    | 7 9 |  9.9
Armour         | 6 8 |  8.3
Dodging        | |  2.4
Stealth        | |  1.5

Action                   |  1- 3 |  4- 6 |  7- 9 | 10-12 | 13-15 | 16-18 || total
-------------------------+-------+-------+-------+-------+-------+-------++-------
Melee: Hand axe          |    83 |    59 |       |       |       |       ||   142
       Whip              |       |   125 |   284 |   252 |       |       ||   661
       Broad axe         |       |       |       |   207 |       |       ||   207
       Battleaxe         |       |       |       |   124 |   177 |       ||   301
       Executioner's axe |       |       |       |       |   665 |    72 ||   737
Throw: Javelin           |       |       |     9 |     6 |     5 |     5 ||    25
       Dart              |       |       |     8 |    12 |     2 |       ||    22
Invok: Finesse           |       |       |       |     1 |       |     1 ||     2
Evoke: Wand              |       |       |       |       |    12 |       ||    12
  Use: Scroll            |       |       |     9 |     3 |    17 |     1 ||    30
       Potion            |       |       |       |     7 |     1 |     1 ||     9
 Stab: Distracted        |       |       |       |     1 |     1 |       ||     2
  Eat: Chunk             |     1 |     7 |    11 |    21 |    43 |     3 ||    86
       Ration            |       |       |       |     2 |     1 |       ||     3
Armor: Ring mail         |    39 |    45 |       |    15 |    71 |       ||   170
       Robe              |     1 |       |       |       |       |       ||     1
       Chain mail        |       |    51 |   126 |   218 |       |       ||   395
       Scale mail        |       |       |       |       |   108 |       ||   108
       Gold dragon scale |       |       |       |       |   217 |    78 ||   295
Dodge: Dodged            |    65 |    89 |   112 |   308 |   429 |    30 ||  1033
Block: Other             |       |       |    42 |    10 |       |       ||    52
       Reflection        |       |       |     1 |     2 |       |       ||     3
       Buckler           |       |       |       |    26 |       |       ||    26
